Map: Cosmic Sapphire

Players

MaNa

  • Race: Protoss Protoss
  • Spawn Location: 11:00

Elazer - Winner!

  • Race: Zerg Zerg
  • Spawn Location: 5:00

Event: DreamHack SC2 Masters 2022 Atlanta (Offline)

VOD

Have the link to the VOD?

Description

Time

  • Played on: Nov. 18, 2022, 2:07 p.m.
  • Length: 8:21

All games in this series

Show
View Real Time Build Order
Export as new Build Order

MaNa Protoss 

Build Orders:  

Get SALT Encoding   

  12  0:00  Probe  
  13  0:12  Probe  
  14  0:24  Probe  
  15  0:32  Pylon  
  15  0:41  Pylon  
  15  1:00  Gateway x2  
  15  1:03  Gateway  
  15  1:14  Gateway  
  15  1:18  Probe  
  16  1:29  Pylon  
  16  1:30  Probe  
  17  1:45  Zealot x2 (Chrono Boost)  
  23  1:58  Zealot (Chrono Boost)  
  23  2:07  Zealot (Chrono Boost)  
  27  2:12  Zealot (Chrono Boost)  
  27  2:13  Zealot (Chrono Boost)  
  29  2:23  Pylon  
  29  2:29  Zealot (Chrono Boost)  
  31  2:41  Zealot  
  31  2:42  Assimilator  
  33  2:46  Zealot  
  35  2:59  Cybernetics Core  
  35  3:01  Probe  
  35  3:14  Probe  
  35  3:26  Probe  
  26  3:38  Probe  
  27  3:46  Adept  
  29  3:48  Zealot  
  29  3:50  Probe  
  31  4:00  Adept  
  31  4:02  Probe  
  34  4:14  Probe  
  35  4:20  Warp Gate (Chrono Boost)  
  35  4:21  Zealot  
  37  4:26  Probe  
  38  4:38  Probe  
  39  4:50  Pylon  
  39  5:07  Adept  
  39  5:12  Zealot x3  
  47  5:15  Pylon  
  47  5:41  Pylon  
  48  5:43  Shield Battery  
  48  5:46  Probe  
  47  5:56  Stalker x2  
  47  5:57  Stalker x2  
  55  5:59  Pylon  
  42  6:19  Zealot x3  
  32  6:53  Zealot x2  
  19  7:28  Zealot  
  21  7:31  Zealot  
  21  7:35  Zealot  
  25  7:48  Probe  
  22  8:04  Probe  
Show
View Real Time Build Order
Export as new Build Order

Elazer Zerg - Winner!

Build Orders: Hatch First 

Get SALT Encoding   

  12  0:00  Drone  
  13  0:12  Overlord  
  13  0:16  Drone  
  14  0:30  Drone x2  
  16  0:48  Hatchery  
  15  0:51  Drone  
  15  0:54  Drone  
  17  0:58  Drone  
  18  1:08  Extractor  
  17  1:13  Spawning Pool  
  17  1:16  Drone  
  17  1:20  Drone  
  18  1:27  Drone  
  19  1:39  Drone  
  20  2:01  Queen, Spine Crawler  
  20  2:03  Spine Crawler  
  20  2:06  Zergling x2  
  22  2:10  Zergling x2, Spine Crawler  
  22  2:22  Overlord  
  22  2:31  Spine Crawler  
  22  2:34  Zergling x2  
  22  2:40  Queen  
  22  2:41  Zergling x2  
  26  2:46  Zergling x2  
  27  2:56  Zergling x2  
  27  3:10  Zergling x2  
  28  3:19  Zergling x4  
  28  3:20  Zergling x2  
  28  3:24  Spawning Pool, Queen  
  28  3:27  Zergling x2  
  28  3:39  Drone  
  28  3:57  Drone  
  29  4:07  Overlord  
  29  4:12  Metabolic Boost  
  29  4:25  Queen  
  29  4:27  Zergling x2  
  29  4:28  Zergling x2  
  33  4:37  Hatchery  
  33  4:40  Drone x3  
  36  4:46  Hatchery  
  36  4:48  Zergling x2  
  36  4:56  Overlord  
  36  5:11  Zergling x2  
  36  5:14  Queen  
  37  5:15  Zergling x2  
  40  5:24  Zergling x2  
  41  5:35  Zergling x6  
  44  5:45  Zergling x2  
  44  5:49  Overlord  
  45  5:57  Queen  
  45  6:00  Queen  
  45  6:03  Spine Crawler x2  
  45  6:04  Zergling x4  
  48  6:17  Zergling x4  
  36  6:28  Zergling x10  
  32  6:44  Zergling x10  
  34  6:51  Zergling x2  
  34  6:52  Queen  
  27  7:04  Drone x2  
  29  7:10  Drone  
  30  7:20  Drone x2  
  30  7:22  Drone  
  32  7:25  Drone x3  
  34  7:40  Drone x5  
  37  7:48  Zergling x4  
  39  7:55  Zergling x8  
  43  8:02  Zergling x2  
Tags
 
Add a new tag
Caveats
  • Supply blocks, unpowered buildings, or Contaminate may cause inaccurate times.
  • Supply counts are checked every 10 seconds.